 Seeded DCSS version 0.29.1-13-g9f3cf754e1 (webtiles) character file.

Game seed: 18334199546629406935 (custom seed)

4 mathmaestro the Grave Robber (level 1, 0/13 HPs)
             Began as a Demonspawn Necromancer on Jan 30, 2023.
             Slain by a kobold
             ... wielding a +0 club
              (2 damage)
             ... on level 1 of the Dungeon.
             The game lasted 00:00:39 (154 turns).

mathmaestro the Grave Robber (DsNe)                  Turns: 154, Time: 00:00:40

Health: 0/13       AC:  2    Str: 14    XL:     1   Next: 50%
Magic:  0/3        EV: 12    Int: 16    God:
Gold:   0          SH:  0    Dex: 13    Spells: 3/4 levels left

rFire   . . .      SeeInvis .   d - +0 whip
rCold   . . .      Faith    .   (no shield)
rNeg    . . .      Spirit   .   a - +0 robe
rPois   .          Reflect  .   (no helmet)
rElec   .          Harm     .   (no cloak)
rCorr   .          Rampage  .   (no gloves)
Will    .....                   (no boots)
Stlth   ++........              (no amulet)
HPRegen 0.04/turn               g - +6 ring of strength
MPRegen 0.08/turn               (no ring)

@: no status effects
A: no striking features
a: no special abilities


You were on level 1 of the Dungeon.
You visited 1 branch of the dungeon, and saw 1 of its levels.

Inventory:

Hand Weapons
 d - a +0 whip (weapon)
Armour
 a - a +0 robe (worn)
Jewellery
 g - a +6 ring of strength (left hand)
Scrolls
 e - 2 scrolls of identify {unknown}
 f - a scroll of immolation {unknown}
Potions
 b - a potion of magic
 c - a potion of curing {unknown}


   Skills:
 + Level 0.2 Fighting
 + Level 1.8 Dodging
 + Level 1.8 Stealth
 + Level 2.0 Spellcasting
 + Level 4.4 Necromancy


You had 3 spell levels left.
You knew the following spells:

 Your Spells              Type           Power      Damage    Failure   Level
a - Necrotise             Necr           60%        1d7       3%          1

Your spell library contained the following spells:

 Spells                   Type           Power      Damage    Failure   Level
 Vampiric Draining        Necr           15%        2d7       10%         3
 Animate Dead             Necr           15%        N/A       32%         4
 Agony                    Necr           15%        N/A       67%         5


Dungeon Overview and Level Annotations

Branches:
Dungeon (1/15)

Altars:


Message History

You miscast Necrotise.
You are very lightly contaminated with residual magic.
Nothing appears to happen.
Casting: Necrotise (safe; 3% risk of failure)
Confirm with . or Enter, or press ? or * to list all spells.
Aiming: Necrotise (safe; 3% risk of failure)
Press: ? - help, Shift-Dir - straight line, f/p - hobgoblin
Aim: a hobgoblin (chance to affect: 85%)
The hobgoblin barely resists.
Unknown command.
Unknown command.
Casting: Necrotise (safe; 3% risk of failure)
Confirm with . or Enter, or press ? or * to list all spells.
Aiming: Necrotise (safe; 3% risk of failure)
Press: ? - help, Shift-Dir - straight line, f/p - hobgoblin
Aim: a hobgoblin (chance to affect: 85%)
The hobgoblin writhes in agony.
The hobgoblin barely misses you.
Unknown command.
You hit the hobgoblin.
The hobgoblin is severely wounded.
The hobgoblin hits you.
You hit the hobgoblin.
The hobgoblin is almost dead.
The hobgoblin hits you.
Your magical contamination has completely faded away.
The hobgoblin attacks as you move away! The hobgoblin hits you.
* * * LOW HITPOINT WARNING * * *
The hobgoblin attacks as you move away! The hobgoblin hits you.
* * * LOW HITPOINT WARNING * * *
Casting: Necrotise (safe; 3% risk of failure)
Confirm with . or Enter, or press ? or * to list all spells.
Aiming: Necrotise (safe; 3% risk of failure)
Press: ? - help, Shift-Dir - straight line, f/p - hobgoblin
Aim: a hobgoblin (almost dead, chance to affect: 85%)
The hobgoblin writhes in agony.
You kill the hobgoblin!
The dead are walking!
Unknown command.
The kobold attacks as you move away! The kobold hits you with a +0 club.
You die...

## ######.##.##.....#
#...####...#.##.#.##.#
#.................# ..
.....###....#.######
... ### #.#.##.## .##
#.#.##Z.## #
#....#.#.#####
#.....K.......
##...#@..#####
##.###.## #.# .#
###########.# .#
............###.##
#######.#.........#
#.#######..[# #.# .#+#
#.######.##.#


You could see a kobold (ally target) and a friendly hobgoblin skeleton.

Vanquished Creatures
  An endoplasm (D:1)
  A hobgoblin (D:1)
  A ball python (D:1)
  A rat (D:1)
4 creatures vanquished.

Notes
Turn   | Place    | Note
-------+----------+-------------------------------------------
     0 | D:1      | mathmaestro the Demonspawn Necromancer began the quest for
                  | the Orb.
     0 | D:1      | Reached XP level 1. HP: 13/13 MP: 3/3
   154 | D:1      | Slain by a kobold

Illustrated notes

Levels and vault maps discovered:
D:1:      shiori_shiawase, layout_loops_ring, st_stairs_7

Action                   || total
-------------------------++-------
Melee: Whip              ||     2
 Cast: Necrotise         ||     8
Dodge: Dodged            ||     1
